 Dungeon Crawl Stone Soup version 0.24.0-123-gd5b16e6ec5 (webtiles) character file.

Game seed: 9382782937378975185, levelgen mode: deterministic

113 matewu the Slasher (level 4, 0/41 HPs)
             Began as a Minotaur Berserker on Jan 5, 2020.
             Was a Believer of Trog.
             Slain by a hornet zombie (3 damage)
             ... on level 2 of the Dungeon.
             The game lasted 00:14:13 (907 turns).

matewu the Slasher (Minotaur Berserker)              Turns: 907, Time: 00:14:14

Health: 0/41       AC:  9    Str: 23    XL:     4   Next: 65%
Magic:  3/3        EV:  8    Int:  4    God:    Trog [**....]
Gold:   65         SH:  0    Dex:  9    Spells: 3/3 levels left

rFire    . . .     SeeInvis .   a - +0 falchion
rCold    + . .     Gourm    .   (no shield)
rNeg     . . .     Faith    .   o - +0 chain mail
rPois    .         Spirit   .   (helmet restricted)
rElec    .         Reflect  .   (no cloak)
rCorr    .         Harm     .   (no gloves)
MR       .....                  (no boots)
Stlth    ..........             (no amulet)
HPRegen  0.13/turn              p - ring of protection from cold
MPRegen  0.08/turn              (no ring)

@: confused
A: retaliatory headbutt, horns 2
a: Berserk, Trog's Hand, Renounce Religion


You were on level 2 of the Dungeon.
You worshipped Trog.
Trog was pleased with you.
You were not hungry.

You visited 1 branch of the dungeon, and saw 2 of its levels.

You collected 65 gold pieces.

Inventory:

Hand Weapons
 a - a +0 falchion (weapon)
 g - a +0 short sword
 m - a +0 club
 n - a +0 club
 r - a +0 spear
 s - a +0 short sword
 u - a +0 hand axe
 w - a +0 club
 x - a +0 spear
 y - a +0 spear
 z - a +0 club
 A - a +0 dagger
 C - a +0 mace
Missiles
 e - 3 boomerangs (quivered)
 h - 30 stones
 j - 19 poisoned darts
 q - 25 arrows
Armour
 b - a +0 animal skin
 f - a +0 leather armour
 k - a +0 chain mail
 l - a +0 leather armour
 o - a +0 chain mail (worn)
 t - a +0 robe
Jewellery
 p - a ring of protection from cold (left hand)
Scrolls
 i - a scroll of blinking {unknown}
 v - a scroll of remove curse {unknown}
 B - a scroll of identify {unknown}
 D - a scroll of immolation {unknown}
Potions
 d - a potion of haste {unknown}
Comestibles
 c - 3 rations


   Skills:
 + Level 4.8 Fighting
 + Level 5.3 Long Blades
 + Level 2.8 Armour
 + Level 2.4 Dodging


You had 3 spell levels left.
You didn't know any spells.
Your spell library was empty.

Dungeon Overview and Level Annotations

Branches:
Dungeon (2/15)

Altars:

Annotations:
D:2 Sigmund


Innate Abilities, Weirdness & Mutations

You reflexively headbutt those who attack you in melee.
You have a pair of horns on your head.


Message History

The hornet zombie closely misses you.
You hit Sigmund but do no damage. Your headbutt misses Sigmund.
Sigmund is almost dead.
Sigmund casts a spell.
Sigmund flickers and vanishes!
Deactivating autopickup; reactivate with Ctrl-A.
The hornet zombie hits you.
You hit something. Your headbutt misses something.
You hear some strange, mumbled words.
You are confused.
The hornet zombie barely misses you.
You bump into the metal wall.
The hornet zombie hits you. Something hits you!
* * * LOW HITPOINT WARNING * * *
You're too confused to move!
The hornet zombie hits you.
* * * LOW HITPOINT WARNING * * *
The hornet zombie hits you.
* * * LOW HITPOINT WARNING * * *
Something completely misses you. The hornet zombie hits you.
You die...

.......†.####.............
.........##...............
............##......#####
##.......†##.##.....#
##......†##.# ##....#
........##.. #....#
..#.....#.# #.#...#
..#......# [.##...#
#....#.## #.##@.#####
#....#..##.##.Z.......
#........##.{......... .
#..................... .
#.....................
###............!........
..†#####....#...........
...# ....#........... ...#
#...........###


You could see a hornet zombie.

Vanquished Creatures
  An adder (D:2)
  4 gnolls (D:2)
  2 oozes
  2 worms (D:2)
  A dart slug (D:2)
  3 leopard geckos (D:1)
  A ball python (D:1)
  2 giant cockroaches (D:2)
  6 goblins
  7 hobgoblins
  4 jackals (D:1)
  2 kobolds
  3 bats
  2 frilled lizards
  5 rats
45 creatures vanquished.

Notes
Turn   | Place    | Note
-------+----------+-------------------------------------------
     0 | D:1      | matewu the Minotaur Berserker began the quest for the Orb.
     0 | D:1      | Reached XP level 1. HP: 19/19 MP: 0/0
   229 | D:1      | Reached XP level 2. HP: 27/27 MP: 1/1
   233 | D:1      | Reached skill level 4 in Long Blades
   422 | D:1      | Reached XP level 3. HP: 25/33 MP: 2/2
   718 | D:2      | Reached ** piety under Trog
   774 | D:2      | Reached XP level 4. HP: 31/41 MP: 3/3
   782 | D:2      | Reached skill level 5 in Long Blades
   891 | D:2      | Noticed Sigmund
   906 | D:2      | HP: 2/41 [hornet zombie (2)]
   907 | D:2      | Slain by a hornet zombie

Levels and vault maps discovered:
D:1:      minmay_arrival_nine_rooms, layout_rooms
D:2:      layout_basic, minmay_heptomino_w4, uniq_sigmund

Skill      XL: |  1  2  3  4 |
---------------+-------------+-----
Fighting       | 4 |  4.8
Long Blades    | 4 5 |  5.3
Armour         | |  2.8
Dodging        | |  2.4

Action                   |  1- 3 |  4- 6 || total
-------------------------+-------+-------++-------
Melee: Falchion          |    65 |    47 ||   112
       Headbutt          |     9 |     9 ||    18
Armor: Leather armour    |     8 |       ||     8
       Chain mail        |    11 |    25 ||    36
Dodge: Dodged            |    50 |    20 ||    70
       Rpst.: Falchion   |    12 |     5 ||    17
